 Dungeon Crawl Stone Soup version 0.31-a0-466-g98c9adc2b6 (webtiles) character file.

Game seed: 13205331271500342333

74690 testman the Mimic (level 15, -1/134 HPs)
             Began as a Green Draconian Shapeshifter on Aug 5, 2023.
             Was a High Priest of Okawaru.
             Slain by a yak (2 damage)
             ... while petrified by a catoblepas
             ... on level 4 of the Lair of Beasts.
             The game lasted 00:53:07 (18459 turns).

testman the Mimic (Green Draconian Shapeshifter)   Turns: 18459, Time: 00:53:07

Health: -1/134     AC: 15    Str: 36    XL:     15   Next: 7%
Magic:  24/24      EV:  2    Int: 10    God:    Okawaru [*****.]
Gold:   1274       SH:  0    Dex: 11    Spells: 14/14 levels left

rFire   . . .        c - melded +3 short sword (elec)
rCold   . . .        (shield currently unavailable)
rNeg    + + +        (body armour unavailable)
rPois   ∞            u - +2 hat
rElec   .            p - +0 cloak
rCorr   +            (gloves currently unavailable)
SInv    .            X - +2 pair of boots
Will    +....        (no amulet)
Stlth   +            K - +6 ring of strength
HPRegen 0.42/turn    y - ring of Ihyph {rCorr Str+6}
MPRegen 0.19/turn

%: no passive effects
@: lethally poisoned (-1 -> -1), blade hands, petrified
A: breathe noxious fumes, AC +9, unfitting armour, stinger 1, poison resistance,
cold-blooded
a: Breathe Noxious Fumes, Begin Untransformation, Renounce Religion, Heroism,
Finesse, Duel


You were on level 4 of the Lair of Beasts.
You worshipped Okawaru.
Okawaru was extremely pleased with you.
You had blades for hands.
You visited 3 branches of the dungeon, and saw 18 of its levels.
You also visited: Bailey, Ice Cave and Volcano.

You collected 1274 gold pieces.

Inventory:

Hand Weapons
 c - a +3 short sword of electrocution (melded)
 j - a +2 lajatang of freezing
 J - a +2 sling of freezing
 Y - the +9 great mace of Charity {heavy, Fly MP+9}
   (Okawaru gifted it to you on level 4 of the Lair of Beasts)

   MP:        It affects your magic capacity (+9).
   Fly:       It grants you flight.
Missiles
 h - 7 boomerangs
 r - 8 curare-tipped darts
 x - 30 poisoned darts
 N - a silver javelin
 O - a throwing net
Armour
 p - a +0 cloak (worn)
 t - a +0 pair of gloves
 u - a +2 hat (worn)
 M - a +2 kite shield of cold resistance
 X - a +2 pair of boots (worn)
Jewellery
 m - a ring of positive energy
 y - the ring of Ihyph (right blade hand) {rCorr Str+6}
   (You found it in a bailey)

   [ring of strength]

   Str:       It affects your strength (+6).
   rCorr:     It protects you from acid and corrosion.
 K - a +6 ring of strength (left blade hand)
 Q - a ring of resist corrosion
 S - a ring of fire
Talismans
 b - a beast talisman
 C - a dragon-blood talisman
 F - a blade talisman (active)
Wands
 E - a wand of iceblast (20)
 G - a wand of acid (6)
 R - a wand of mindburst (17)
Scrolls
 d - 2 scrolls of teleportation
 f - a scroll of identify
 g - 4 scrolls of vulnerability
 i - 3 scrolls of poison
 s - 2 scrolls of fog
 w - a scroll of enchant weapon
 A - a scroll of torment
 I - 3 scrolls of enchant armour {unknown}
 P - 3 scrolls of amnesia {unknown}
 T - a scroll of silence
Potions
 a - 3 potions of lignification
 e - 3 potions of mutation
 k - 3 potions of brilliance
 l - 4 potions of cancellation
 o - 2 potions of resistance
 q - 3 potions of magic
 v - 2 potions of attraction
 z - a potion of ambrosia
 B - 4 potions of curing
 D - 4 potions of haste
 H - 2 potions of might
 L - 2 potions of invisibility
 U - a potion of berserk rage {unknown}
 V - a potion of enlightenment {unknown}
Miscellaneous
 W - a lightning rod (4/4)


   Skills:
 + Level 12.9 Fighting
 + Level 8.2 Dodging
 + Level 12.0 Unarmed Combat
 + Level 12.2 Invocations
 + Level 13.1 Shapeshifting


You had 14 spell levels left.
You didn't know any spells.
Your spell library contained the following spells:

 Spells                   Type           Power      Damage    Failure   Level
 Apportation              Tloc           0%         N/A       78%         1
 Magic Dart               Conj           0%         1d3       78%         1
 Necrotise                Necr           0%         1d4       78%         1
 Shock                    Conj/Air       0%         1d3       78%         1
 Slow                     Hex            0%         N/A       78%         1
 Poisonous Vapours        Pois/Air       0%         N/A       87%         2
 Confusing Touch          Hex            0%         N/A       97%         3
 Dazzling Flash           Conj/Hex       0%         N/A       97%         3
 Frozen Ramparts          Ice            0%         1d1       97%         3
 Mephitic Cloud           Conj/Pois/Air  0%         N/A       97%         3
 Swiftness                Air            0%         N/A       97%         3
 Vampiric Draining        Necr           0%         2d6       97%         3
 Volatile Blastmotes      Fire/Tloc      0%         2d10      97%         3
 Airstrike                Air            0%         2d(0-16)  100%        4
 Cause Fear               Hex            0%         N/A       100%        4
 Passage of Golubria      Tloc           0%         N/A       100%        4
 Petrify                  Tmut/Erth      0%         N/A       100%        4
 Fireball                 Conj/Fire      0%         3d3       100%        5
 Freezing Cloud           Conj/Ice/Air   0%         6-21      100%        5
 Lee's Rapid Deconstruct  Erth           0%         3d4*      100%        5
 Metabolic Englaciation   Hex/Ice        0%         N/A       100%        5
 Silence                  Hex/Air        0%         N/A       100%        5
 Starburst                Conj/Fire      0%         6d3       100%        6
 Borgnjor's Revivificati  Necr           0%         N/A       100%        8
 Lehudib's Crystal Spear  Conj/Erth      0%         10d2      100%        8
 Maxwell's Capacitive Co  Air            0%         ∞         100%        8
 Death's Door             Necr           0%         N/A       100%        9
 Summon Small Mammal      Summ           Unusable   N/A       N/A         1
 Call Imp                 Summ           Unusable   N/A       N/A         2
 Animate Armour           Summ/Erth      Unusable   N/A       N/A         4
 Summon Lightning Spire   Summ/Air       Unusable   N/A       N/A         4
 Haunt                    Necr/Summ      Unusable   N/A       N/A         7
 Dragon's Call            Summ           Unusable   N/A       N/A         9

Dungeon Overview and Level Annotations

Branches:
Dungeon (12/15)            Temple (1/1) D:6            Lair (5/5) D:8
  Swamp (0/4) Lair:3        Snake (0/4) Lair:2          Orc (0/2) D:9
 Bailey (visited)           IceCv (visited)         Volcano (visited)
  Slime: Lair:4-5

Altars:
Ashenzari
Cheibriados
Dithmenos
Elyvilon
Fedhas
Gozag
Hepliaklqana
Kikubaaqudgha
Makhleb
Nemelex Xobeh
Okawaru
Qazlal
Ru
Sif Muna
Trog
Uskayaw
Vehumet
Wu Jian
Xom
Yredelemnul
Zin
The Shining One

Annotations:
D:9 3 runed translucent doors, Farjai's ghost, novice DsNe


Innate Abilities, Weirdness & Mutations

You have blades for hands.
Your spellcasting is less reliable in this form.
You are incapable of wielding weapons or throwing items.
You can breathe blasts of noxious fumes.
Your lurid green scales are hard. (AC +9)
You cannot fit into any form of body armour.
Your tail ends in a venomous barb.
Your system is resistant to poisons. (rPois)
You are cold-blooded and may be slowed by cold attacks.


Message History

You have turned to stone.
The black mamba bites you. The cane toad stings you!
The yak gores you but does no damage. x2
The black mamba bites you. The cane toad stings you! The black mamba bites you.
The yak gores you! The yak gores you. The black mamba bites you!
The cane toad stings you. The yak gores you.
The black mamba bites you but does no damage.
The yak gores you!
The cane toad stings you but does no damage.
The black mamba bites you!
* * * LOW HITPOINT WARNING * * *
The yak gores you!
* * * LOW HITPOINT WARNING * * *
The yak gores you. The black mamba bites you.
* * * LOW HITPOINT WARNING * * *
The cane toad stings you. The black mamba bites you.
* * * LOW HITPOINT WARNING * * *
The yak gores you!
* * * LOW HITPOINT WARNING * * *
The yak gores you but does no damage. The cane toad stings you!
* * * LOW HITPOINT WARNING * * *
The black mamba bites you!
* * * LOW HITPOINT WARNING * * *
The black mamba bites you but does no damage.
The cane toad barely misses you. The yak gores you.
* * * LOW HITPOINT WARNING * * *
The yak gores you.
* * * LOW HITPOINT WARNING * * *
The black mamba bites you but does no damage.
The cane toad stings you!
* * * LOW HITPOINT WARNING * * *
The black mamba bites you!
* * * LOW HITPOINT WARNING * * *
The yak gores you. x2
* * * LOW HITPOINT WARNING * * *
The black mamba barely misses you. The cane toad stings you!
* * * LOW HITPOINT WARNING * * *
The yak gores you.
You die...

......P##.....#......###...##....
#.............##.#'### ######....
#......#.###.####...#########....
#......#..##.##......#..P#.##....
........#.##...#⌠.>(⌠#...........
.................................
................#.⌠..#...........
................Y##..............
...............S@................
......##..#.###.YF...............
...#..##...#.###.....##..#..##.##
###...###..P.###......###...##..#
..#....##....#.#......####.#.#.##
......###.....##......##.....#..#
...#..####.#.#.......###.......#.
.......########......# ##.####...
.###..P#.###P###.....#########..#


You could see a black mamba, 2 yaks and a cane toad.

Vanquished Creatures
  Gastronok (D:9)
  A frost giant (IceCv)
  An orc warlord (Bailey)
  An eleionoma (Lair:3)
  A red draconian (Volcano)
  Fannar (D:10)
  A hydra (Lair:2)
  A catoblepas (Lair:1)
  A centaur warrior (D:11)
  2 boulder beetles
  7 death yaks (IceCv)
  5 two-headed ogres
  A skyshark (Arena)
  A salamander mystic (Volcano)
  Pikel (D:7)
  A glowing orange brain (D:9)
  An orc knight (Volcano)
  7 ugly things
  A salamander (Volcano)
  4 cyclopes (Volcano)
  6 elephants (Lair:4)
  Joseph (D:8)
  A black mamba (Lair:1)
  5 gargoyles
  An ice statue (IceCv)
  A torpor snail (Lair:2)
  3 molten gargoyles (Volcano)
  3 cane toads
  Maggie (Lair:1)
  2 kobold demonologists (D:11)
  8 rime drakes
  A freezing wraith (D:11)
  4 komodo dragons
  3 trolls
  5 polar bears
  Prince Ribbit (D:7)
  5 dream sheep (Lair:4)
  Sigmund (D:3)
  2 shadows
  A vampire (D:10)
  29 yaks
  3 wyverns
  2 vampire mosquitoes (D:11)
  3 basilisks
  A steam dragon (D:8)
  2 nagas (Lair:2)
  Menkaure (D:7)
  Edmund (D:4)
  An acid dragon (D:9)
  9 water moccasins
  8 ice beasts (D:10)
  7 orc warriors
  A sky beast (D:7)
  2 black bears
  24 wolves
  2 ogres
  The ghost of bahustanut the Insei, an amateur DsSh of Okawaru (D:5)
  2 centaurs
  5 kobold brigands
  2 phantoms
  15 bullfrogs
  3 gnoll sergeants
  16 wights
  15 killer bees
  6 electric eels
  2 howler monkeys
  2 hounds
  A jelly (D:5)
  2 orc priests
  Crazy Yiuf (D:7)
  4 sleepcaps
  5 iguanas
  8 orc wizards
  Robin (D:4)
  12 adders
  22 gnolls
  2 white imps
  An ufetubus (D:6)
  2 worms (D:4)
  2 dart slugs (D:1)
  31 orcs
  5 ball pythons
  4 endoplasms
  13 giant cockroaches
  27 goblins
  13 hobgoblins
  6 jackals
  29 kobolds
  A quokka (D:1)
  4 bats
  5 frilled lizards
  5 rats
466 creatures vanquished.

Notes
Turn   | Place    | Note
-------+----------+-------------------------------------------
     0 | D:1      | testman the Draconian Shapeshifter began the quest for the
                  | Orb.
     0 | D:1      | Reached XP level 1. HP: 16/16 MP: 1/1
    15 | D:1      | Noticed a minotaur zombie
    17 | D:1      | Noticed a demonspawn zombie
    46 | D:1      | Found a faded altar of an unknown god.
   161 | D:1      | Reached XP level 2. HP: 20/23 MP: 2/2
   501 | D:1      | Reached XP level 3. HP: 29/29 MP: 3/3
  1236 | D:2      | Reached XP level 4. HP: 29/38 MP: 4/4
  1645 | D:3      | Reached skill level 4 in Shapeshifting
  1796 | D:3      | Noticed Sigmund
  1810 | D:3      | Reached XP level 5. HP: 38/46 MP: 5/5
  1813 | D:3      | Killed Sigmund
  1814 | D:3      | Reached XP level 6. HP: 33/53 MP: 6/6
  1826 | D:3      | HP: 2/55 [orc priest/+0 morningstar (5)]
  2016 | D:3      | Reached skill level 5 in Fighting
  2262 | D:3      | Reached skill level 5 in Shapeshifting
  2608 | D:4      | Noticed Robin
  2626 | D:4      | Killed Robin
  2648 | D:4      | Your scales start taking on a lurid green colour.
  2648 | D:4      | Reached XP level 7. HP: 16/62 MP: 7/7
  2648 | D:4      | Gained mutation: Your system is resistant to poisons.
                  | (rPois) [Green Draconian growth]
  3075 | D:4      | Noticed Edmund
  3091 | D:4      | Killed Edmund
  3288 | D:5      | Entered Level 5 of the Dungeon
  3322 | D:5      | Reached skill level 6 in Shapeshifting
  3484 | D:5      | Found an ornate altar of the Wu Jian Council.
  3494 | D:5      | Reached XP level 8. HP: 66/73 MP: 8/8
  3613 | D:5      | Found a runed translucent door.
  3613 | D:5      | Noticed bahustanut's ghost (amateur DsSh)
  3636 | D:5      | Killed bahustanut's ghost
  4051 | D:6      | Found a staircase to the Ecumenical Temple.
  4080 | Temple   | Entered the Ecumenical Temple
  4090 | Temple   | Became a worshipper of Warmaster Okawaru
  4306 | D:6      | Found a basalt altar of Yredelemnul.
  4434 | D:6      | Reached skill level 1 in Invocations
  4434 | D:6      | Reached skill level 7 in Shapeshifting
  4954 | D:7      | Found a bloodstained altar of Trog.
  4958 | D:7      | Found a radiant altar of Vehumet.
  4970 | D:7      | Found a white marble altar of Elyvilon.
  5009 | D:7      | Noticed Prince Ribbit
  5018 | D:7      | Killed Prince Ribbit
  5019 | D:7      | Reached XP level 9. HP: 81/81 MP: 11/11
  5067 | D:7      | Reached * piety under Okawaru
  5183 | D:7      | Found a runed translucent door.
  5184 | D:7      | Noticed Crazy Yiuf
  5294 | D:7      | Noticed Pikel
  5315 | D:7      | Killed Pikel
  5315 | D:7      | Reached ** piety under Okawaru
  5316 | D:7      | Reached skill level 5 in Invocations
  5316 | D:7      | Reached skill level 8 in Shapeshifting
  5444 | D:7      | Found a shimmering blue altar of Sif Muna.
  5750 | D:7      | Noticed Menkaure
  5754 | D:7      | Killed Menkaure
  5997 | D:7      | Killed Crazy Yiuf
  6051 | D:8      | Noticed a troll
  6068 | D:8      | Killed a troll
  6216 | D:8      | Reached skill level 9 in Shapeshifting
  6386 | D:8      | Reached *** piety under Okawaru
  6665 | D:8      | Reached XP level 10. HP: 62/87 MP: 15/15
  6795 | D:8      | Found a staircase to the Lair.
  7113 | D:8      | Noticed Joseph
  7140 | D:8      | Killed Joseph
  7964 | D:9      | Found a flagged portal.
  7977 | Bailey   | Entered a bailey
  8351 | Bailey   | Noticed an orc warlord
  8360 | Bailey   | Reached skill level 5 in Unarmed Combat
  8366 | Bailey   | Reached **** piety under Okawaru
  8377 | Bailey   | Killed an orc warlord
  8581 | Bailey   | Identified the ring of Ihyph {rCorr Str+6}
  8600 | Bailey   | Reached skill level 11 in Shapeshifting
  8600 | Bailey   | Reached XP level 11. HP: 95/95 MP: 17/17
  8718 | D:9      | Noticed Gastronok
  8727 | D:9      | Killed Gastronok
  8965 | D:9      | Found a staircase to the Orcish Mines.
  8966 | D:9      | Found a runed translucent gate.
  8966 | D:9      | Found a runed translucent gate.
  8966 | D:9      | Found a runed translucent gate.
  8966 | D:9      | Noticed a glowing orange brain
  8967 | D:9      | Noticed a brown ugly thing
  8967 | D:9      | Noticed a red ugly thing
  8967 | D:9      | Noticed a white ugly thing
  8967 | D:9      | Noticed a brown ugly thing
  8967 | D:9      | Noticed a green ugly thing
  9054 | D:9      | Reached XP level 12. HP: 86/103 MP: 18/18
  9508 | D:9      | Reached ***** piety under Okawaru
  9511 | D:9      | Received a gift from Okawaru
  9527 | D:9      | Found a runed translucent gate.
  9527 | D:9      | Found a runed translucent gate.
  9535 | D:9      | Noticed Farjai's ghost (novice DsNe)
  9536 | D:9      | Found a runed translucent gate.
  9689 | D:10     | Entered Level 10 of the Dungeon
  9745 | D:10     | Noticed a two-headed ogre
  9749 | D:10     | Killed a two-headed ogre
  9834 | D:10     | Reached skill level 5 in Dodging
 10042 | D:10     | Noticed Fannar
 10051 | D:10     | Killed Fannar
 10134 | D:10     | You fall into a shaft and drop 2 floors!
 10162 | D:12     | Found a frozen archway.
 10187 | IceCv    | Entered an ice cave
 10206 | IceCv    | Noticed a death yak
 10220 | IceCv    | Killed a death yak
 10221 | IceCv    | Reached skill level 10 in Invocations
 10332 | IceCv    | Noticed a death yak
 10339 | IceCv    | Killed a death yak
 10340 | IceCv    | Reached skill level 10 in Fighting
 10494 | IceCv    | Reached skill level 10 in Unarmed Combat
 10494 | IceCv    | Reached skill level 12 in Shapeshifting
 10494 | IceCv    | Reached XP level 13. HP: 116/116 MP: 20/20
 11007 | IceCv    | Noticed a frost giant
 11021 | IceCv    | Killed a frost giant
 11022 | IceCv    | Gained mutation: Your tail ends in a venomous barb. [Green
                  | Draconian growth]
 11022 | IceCv    | Reached XP level 14. HP: 124/124 MP: 13/21
 12057 | D:11     | Found a broken altar of Ashenzari.
 12807 | Lair:1   | Entered Level 1 of the Lair of Beasts
 12847 | Lair:1   | Received a gift from Okawaru
 13364 | Lair:1   | Noticed Maggie
 13371 | Lair:1   | Killed Maggie
 13898 | Lair:2   | Found a staircase to the Snake Pit.
 14858 | Lair:3   | Found a dark tunnel.
 14869 | Volcano  | Entered a volcano
 15145 | Volcano  | Reached ****** piety under Okawaru
 15169 | Volcano  | Received a gift from Okawaru
 15417 | Volcano  | Noticed an orb of fire
 15647 | Volcano  | Noticed an orb of fire
 16007 | Lair:3   | Reached skill level 13 in Shapeshifting
 16112 | Lair:3   | Found a staircase to the Swamp.
 16899 | Arena    | Entered the Arena
 17756 | Lair:4   | Reached XP level 15. HP: 122/134 MP: 24/24
 17901 | Lair:4   | Identified the +9 great mace of Charity {heavy, Fly MP+9}
                  | (Okawaru gifted it to you on level 4 of the Lair of Beasts)
 17901 | Lair:4   | Received a gift from Okawaru
 18434 | Lair:5   | Entered Level 5 of the Lair of Beasts
 18458 | Lair:4   | HP: 5/134 [black mamba (4)]
 18459 | Lair:4   | HP: 1/134 [cane toad (4)]
 18459 | Lair:4   | Slain by a yak

Illustrated notes

Levels and vault maps discovered:
D:1:      shiori_arrival_whats_in_store_for_you, layout_basic,
          basic_ecumenical_altar
D:2:      minmay_roachtagon, layout_rooms, nicolae_houndstooth_variations
D:3:      cheibrodos_thug_alley, layout_basic, uniq_sigmund
D:4:      layout_rooms, uniq_robin, uniq_edmund
D:5:      layout_cave_pools, mainiacjoe_overflow_paths,
          hellmonk_ghost_happy_afterlife
D:6:      layout_basic, general_overflow_altar, minmay_temple_entry_sparse_star,
          nicolae_titane
D:7:      layout_loops_ring, nicolae_sif_muna_condensation,
          grunt_temple_overflow_open, kennysheep_generic_room_14,
          uniq_crazy_yiuf_cottage, uniq_pikel, uniq_prince_ribbit1,
          uniq_menkaure
D:8:      layout_gridville, grunt_lair_entry_orc_guard_hut, uniq_joseph
D:9:      layout_loops_ring, orc_0_dummy, serial_rivers,
          chequers_serial_rivers_marsh, chequers_serial_rivers_micro_e,
          chequers_serial_rivers_small_b, chequers_serial_rivers_large_b,
          enter_bailey_5, ploomutoo_gammafunk_ghost_potion_laboratory,
          uniq_gastronok
D:10:     minmay_twisted_water, layout_irregular_city, kennysheep_pointless_box,
          uniq_fannar
D:11:     layout_basic, cheibrodos_ashenzari_chains
D:12:     layout_big_octagon, portal_ice_cave_rime
Temple:   nicolae_temple_x_marks_the_god
Lair:1:   layout_regular_city, hangedman_lair_unloving_vines, uniq_maggie
Lair:2:   layout_cave_pods, guppyfry_snake_entry_island
Lair:3:   layout_regular_city, alex1729_swamp_entry_worm_eleionoma,
          serial_bayou, serial_bayou_pond_b, serial_bayou_lagoon_a,
          serial_bayou_lagoon_b, serial_bayou_pond_c, serial_bayou_lake_a,
          enter_volcano_2
Lair:4:   layout_regular_city, grunt_megastairs_2, infiniplex_staircase_pool
Lair:5:   grunt_lair_end_beastmaster, layout_cave_shapes,
          minmay_slime_entry_jelly_boxes, basic_altar,
          kennysheep_basilisk_garden

Skill      XL: |  1  2  3  4  5  6  7  8  9 10 11 12 13 14 15 |
---------------+----------------------------------------------+-----
Dodging        | 2 3 4 5 6 8 |  8.2
Fighting       | 2 3 4 5 7 8 11 12 | 12.9
Shapeshifting  | 4 5 6 7 9 11 12 13 | 13.1
Invocations    | 3 7 8 9 10 12 | 12.2
Unarmed Combat | 8 10 11 12 | 12.0

Action                     |  1- 3 |  4- 6 |  7- 9 | 10-12 | 13-15 || total
---------------------------+-------+-------+-------+-------+-------++-------
  Melee: Unarmed           |    14 |       |    30 |   319 |   392 ||   755
         Short sword       |    90 |    92 |   207 |       |     2 ||   391
         Tailslap          |    14 |     9 |    34 |    38 |    60 ||   155
         Punch             |       |     1 |     5 |    12 |    31 ||    49
  Throw: Dart              |       |       |       |       |     3 ||     3
 Invoke: Heroism           |       |       |     3 |     6 |     5 ||    14
         Finesse           |       |       |       |     3 |     2 ||     5
         Duel              |       |       |       |       |     1 ||     1
Ability: Breathe Noxious F |       |       |    10 |    14 |    27 ||    51
  Evoke: Wand              |       |       |       |       |     3 ||     3
    Use: Potion            |       |     1 |     2 |     9 |     4 ||    16
         Scroll            |       |       |    10 |    11 |     7 ||    28
   Stab: Confused          |       |       |     8 |     5 |     8 ||    21
 Armour: Skin              |    37 |    24 |    48 |   120 |   129 ||   358
  Dodge: Dodged            |    63 |    37 |   142 |   209 |   268 ||   719
   Form: Blade             |       |       |     1 |       |     1 ||     2
         Beast             |       |       |       |       |     1 ||     1

Table legend: (Time is in decaauts)
 A = Elapsed time spent in this place.
 B = Non-inter-level travel time spent in this place.
 C = Inter-level travel time spent in this place.
 D = Time resting spent in this place.
 E = Time spent auto-exploring this place.
 F = Levels seen in this place.
 G = Mean time per level.
                   A        B        C        D        E       F      G
               +--------+--------+--------+--------+--------+-----+--------+
         Total |  18424 |  17771 |    653 |   1848 |  12717 |  22 |  837.5 |
       Dungeon |  11099 |  10616 |    483 |    883 |   7874 |  12 |  924.9 |
        Temple |     20 |      2 |     18 |      0 |      0 |   1 |   20.0 |
          Lair |   4729 |   4578 |    151 |    326 |   3625 |   5 |  945.8 |
        Bailey |    634 |    634 |      0 |      0 |    503 |   1 |  634.0 |
      Ice Cave |   1012 |   1012 |      0 |    254 |    463 |   1 | 1012.0 |
       Volcano |    908 |    908 |      0 |    374 |    251 |   1 |  908.0 |
         Arena |     20 |     20 |      0 |     11 |      0 |   1 |   20.0 |
               +--------+--------+--------+--------+--------+-----+--------+

Top non-repeatable levels by time:
     D:8: 1814 daAuts
  Lair:4: 1538 daAuts
     D:3: 1232 daAuts
     D:9: 1218 daAuts
  Lair:3: 1191 daAuts
    D:10: 1157 daAuts
  Lair:2: 1153 daAuts
     D:7: 1092 daAuts
     D:6: 1025 daAuts
   IceCv: 1012 daAuts
 Volcano: 908 daAuts
  Lair:1: 840 daAuts
    D:11: 817 daAuts
     D:1: 774 daAuts
     D:4: 679 daAuts
